 Dungeon Crawl Stone Soup version 0.21-a0-440-g28109cb (webtiles) character file.

146 sagitran the Ducker (level 5, -2/26 HPs)
             Began as a Spriggan Warper on Nov 11, 2017.
             Killed by divine providence
             ... invoked by an orc priest
              (12 damage)
             ... on level 4 of the Dungeon.
             The game lasted 00:20:39 (4015 turns).

sagitran the Ducker (Spriggan Warper)               Turns: 4015, Time: 00:20:40

Health: -2/26      AC:  2    Str:  6 (7)  XL:     5   Next: 7%
Magic:  11/12      EV: 20    Int: 14 (16) God:
Gold:   158        SH:  0    Dex: 15      Spells: 1/12 levels left

rFire    . . .     SeeInvis +   a - +0 short sword
rCold    . . .     Gourm    .   (shield restricted)
rNeg     . . .     Faith    .   b - +0 robe
rPois    .         Spirit   .   (helmet restricted)
rElec    .         Reflect  .   (no cloak)
rCorr    .         Harm     .   (gloves unavailable)
MR       .....                  (boots unavailable)
Stlth    ++........             h - amulet of magic regeneration
HPRegen  0.08/turn              i - ring of wizardry
MPRegen  0.38/turn              (no ring)

@: very quick
A: unfitting armour, see invisible, herbivore 3, speed 3, slow metabolism 2
a: no special abilities


You were on level 4 of the Dungeon.
You were full.

You visited 1 branch of the dungeon, and saw 4 of its levels.

You collected 158 gold pieces.

Inventory:

Hand Weapons
 a - a +0 short sword (weapon)
Missiles
 e - 3 tomahawks of dispersal (quivered)
 j - 8 tomahawks
Armour
 b - a +0 robe (worn)
Jewellery
 h - an amulet of magic regeneration (around neck)
 i - a ring of wizardry (left hand)
Scrolls
 d - a scroll of teleportation
 g - 5 scrolls of remove curse
 l - 3 scrolls of fog
 m - a scroll of identify
Potions
 k - a potion of agility
 n - a potion of heal wounds
 o - a potion of cancellation
Books
 c - a book of Spatial Translocations

   Spells                             Type                      Level
   a - Blink                          Translocation                2
   b - Shroud of Golubria             Charms/Translocation         2
   c - Lesser Beckoning               Translocation                3
   d - Gell's Gravitas                Translocation                3
   e - Teleport Other                 Translocation                3
   f - Passage of Golubria            Translocation                4
Comestibles
 f - 2 bread rations


   Skills:
 + Level 2.0 Fighting
 + Level 3.2 Short Blades
 + Level 1.2 Throwing
 + Level 5.0 Dodging
 + Level 0.9 Stealth
 + Level 4.1 Spellcasting
 + Level 4.9 Translocations


You had one spell level left.
You knew the following spells:

 Your Spells              Type           Power        Failure   Level  Hunger
a - Blink                 Tloc           N/A          1%          2    ##.....
b - Shroud of Golubria    Chrm/Tloc      #.........   4%          2    ##.....
c - Teleport Other        Tloc           ###.....     3%          3    ###....
d - Passage of Golubria   Tloc           N/A          10%         4    ####...


Dungeon Overview and Level Annotations

Branches:
Dungeon (4/15)
 Temple: D:4-7

Altars:


Innate Abilities, Weirdness & Mutations

You are very small and have problems with some larger weapons.
You are too small for most types of armour.
You have supernaturally acute eyesight. (SInv)
You are a herbivore.
You cover ground extremely quickly.
You need consume almost no food.


Message History

An orc comes into view. It is wielding a hand axe.
An orc and an orc wizard come into view.
The orc wizard shouts!
An orc priest comes into view. It is wielding a whip.
You see here a gold piece.
You now have 158 gold pieces (gained 1).
Casting: Shroud of Golubria
Confirm with . or Enter, or press ? or * to list all spells.
You blink.
The orc wizard casts a spell.
The orc wizard flickers and vanishes for a moment.
The orc priest shouts!
The orc shouts!
The orc priest casts a cantrip, but nothing happens.
The orc wizard casts a spell at you. The puff of frost hits you!
The orc misses you.
The orc priest invokes the aid of Beogh against you.
Beogh smites you!
You die...

#.......####
##........#
#...p.....#
#.........#
##.........##
#...........#
#...........#
#.o..........#
#@...........#
#..........#.#
#.o........###.#
##.........# ##
#....o....##
#..##.o...##
...# ##..### ...
#..# .. #..#


You could see a slave, an orc priest, an orc wizard (invisible) and 2 orcs.

Vanquished Creatures
  A howler monkey (D:4)
  4 adders
  An ooze (D:3)
  A worm (D:2)
  2 dart slugs
  3 leopard geckos
  An orc (D:4)
  3 ball pythons
  6 bats (D:2)
  A giant cockroach (D:1)
  4 goblins
  4 hobgoblins
  5 jackals
  12 kobolds
  4 frilled lizards
  4 rats
56 creatures vanquished.

Notes
Turn   | Place    | Note
-------+----------+-------------------------------------------
     0 | D:1      | sagitran the Spriggan Warper began the quest for the Orb.
     0 | D:1      | Reached XP level 1. HP: 10/10 MP: 5/5
   244 | D:1      | Reached XP level 2. HP: 7/15 MP: 7/7
   660 | D:2      | Learned a level 2 spell: Blink
   663 | D:2      | Learned a level 2 spell: Shroud of Golubria
   793 | D:1      | Reached skill level 4 in Dodging
   793 | D:1      | Reached XP level 3. HP: 14/18 MP: 1/9
  1006 | D:1      | Learned a level 3 spell: Teleport Other
  2164 | D:3      | Reached XP level 4. HP: 12/23 MP: 10/10
  2827 | D:2      | Learned a level 4 spell: Passage of Golubria
  3939 | D:4      | Reached skill level 5 in Dodging
  3939 | D:4      | Reached XP level 5. HP: 18/26 MP: 10/12
  3960 | D:4      | Noticed a slave
  3961 | D:4      | Noticed a slave
  4015 | D:4      | Killed from afar by an orc priest

Vault maps used:
D:1:      dpeg_arrival_prison
D:2:      first_bread, bh_walls_and_bars
D:3:      minmay_misc_feat_roman, serial_bayou_pond_b,
          kennysheep_generic_room_14
D:4:      uniq_pikel

Skill      XL: |  1  2  3  4 |
---------------+-------------+-----
Spellcasting   | 3 4 |  4.1
Dodging        | 4 5 |  5.0
Short Blades   | 3 |  3.2
Fighting       | 2 |  2.0
Throwing       | |  1.2
Stealth        | |  0.9
Translocations | |  4.9

Action                   |  1- 3 |  4- 6 || total
-------------------------+-------+-------++-------
Melee: Short sword       |   225 |   129 ||   354
Throw: Tomahawk          |     2 |       ||     2
 Cast: Shroud of Golubri |     4 |     3 ||     7
       Blink             |     2 |     5 ||     7
       Teleport Other    |     1 |     2 ||     3
       Passage of Golubr |       |     1 ||     1
  Use: Scroll            |     4 |     5 ||     9
       Potion            |     2 |     6 ||     8
 Stab: Sleeping          |       |     1 ||     1
  Eat: Bread ration      |       |     1 ||     1
       Fruit             |       |     1 ||     1
Armor: Robe              |    17 |    10 ||    27
Dodge: Dodged            |   244 |   143 ||   387

Table legend:
 A = Spawn XP
 B = Non-spawn XP
 C = Spawn XP percentage of total XP
 D = Spawn monster count
 E = Non-spawn monster count
 F = Spawn count percentage of total count
 G = Total turns spent on level
                    A         B        C        D         E        F      G
               +---------+---------+-------+---------+---------+-------+---------
         Total |       0 |     209 |   0.0 |       0 |      56 |   0.0 |  4015
               +---------+---------+-------+---------+---------+-------+---------
           D:1 |       0 |      37 |   0.0 |       0 |      13 |   0.0 |  1148
           D:2 |       0 |      53 |   0.0 |       0 |      25 |   0.0 |  1720
           D:3 |       0 |      61 |   0.0 |       0 |      16 |   0.0 |   913
           D:4 |       0 |      58 |   0.0 |       0 |       2 |   0.0 |   234
               +---------+---------+-------+---------+---------+-------+---------
